 Dungeon Crawl Stone Soup version 0.18-a0-1805-g8ab820f (webtiles) character file.

81 Duffy the Chopper (level 4, 0/35 HPs)
             Began as a Demonspawn Fighter on Apr 25, 2016.
             Succumbed to Robin's poison
             ... on level 2 of the Dungeon.
             The game lasted 00:01:12 (1493 turns).

Duffy the Chopper (Demonspawn Fighter)              Turns: 1493, Time: 00:01:13

Health: 0/35       AC:  6    Str: 17    XL:     4   Next: 19%
Magic:  4/4        EV:  6    Int:  9    God:
Gold:   67         SH:  8    Dex: 13    Spells: 0 memorised, 3 levels left

rFire  + . .     SeeInvis .     a - +0 war axe
rCold  + + .     Gourm    .     b - +0 scale mail
rNeg   . . .     Faith    .     c - +0 shield
rPois  +         Spirit   .     (helmet restricted)
rElec  +         Dismiss  .     (no cloak)
rCorr  +         Reflect  .     (no gloves)
SustAt .         Harm     .     (no boots)
MR     .....                    (no amulet)
Stlth  ..........               (no ring)
                                (no ring)

@: lethally poisoned (0 -> -13), resistant, not resistant to hostile
enchantments, extremely unstealthy
A: antennae 2, cold resistance 1
a: no special abilities


You were on level 2 of the Dungeon.
You were very hungry.

You visited 1 branch of the dungeon, and saw 3 of its levels.

You collected 67 gold pieces.


Innate Abilities, Weirdness & Mutations

You have a pair of antennae on your head.
Your flesh is cold resistant.


   Skills:
 - Level 3.0 Fighting
 + Level 4.1 Axes
 - Level 2.6 Armour
 - Level 2.6 Shields


You had 3 spell levels left.
You didn't know any spells.

Inventory:

Hand Weapons
 a - a +0 war axe (weapon)
Missiles
 g - 2 throwing nets (quivered)
Armour
 b - a +0 scale mail (worn)
 c - a +0 shield (worn)
Scrolls
 e - a scroll of remove curse {unknown}
 i - 3 scrolls of amnesia {unknown}
 k - a scroll of noise {unknown}
Potions
 d - 2 potions of might
 h - a potion of heal wounds {unknown}
Comestibles
 f - a bread ration

Dungeon Overview and Level Annotations

Branches:
Dungeon (3/15)

Altars:


Message History

You are too injured to fight recklessly!
You are too injured to fight recklessly!
You are too injured to fight recklessly!
You are too injured to fight recklessly!
You are too injured to fight recklessly!
You are too injured to fight recklessly!
You are too injured to fight recklessly!
You are too injured to fight recklessly!
You are too injured to fight recklessly!
You are too injured to fight recklessly!
You are too injured to fight recklessly!
Your shield and scale mail prevent you from hitting Robin.
Robin is almost dead.
You feel sick. Robin barely misses you.
Your scale mail prevents you from hitting Robin.
Robin is almost dead.
You feel sick.
Robin disappears!
You feel sick.
You are too injured to fight recklessly!
You feel sick.
You feel sick.
Your shield and scale mail prevent you from hitting Robin.
Robin is almost dead.
You feel sick. Robin hits you but does no damage.
You are lethally poisoned!
Your shield prevents you from hitting Robin.
Robin is almost dead.
You feel sick.
Robin zaps a wand.
Robin looks slightly unstable.
Robin barely misses you.
You barely miss Robin.
Robin is almost dead.
You feel sick. Robin hits you with a whip of venom.
You are more poisoned.
You closely miss Robin.
Robin is almost dead.
You are feeling very hungry.
You feel very sick. You block Robin's attack.
You slash Robin!
You kill Robin!
Your Axes skill increases to level 4!
You feel sick.
You feel sick.
Items here: $ ) / [[ a whip of venom; an animal skin; a helmet; a wand of teleportation {zapped: 3} 25 gold pieces Drink which item? (? for menu, Esc to quit)
It was a potion of resistance.
You feel protected.
You die...

########## ####.........
###....########
##########...#### ###
...........### ###..
..........##########...#
.........#...........##.
#####.@...###########..
#.....######...#.......
#.###.########...###...
###.###.##........##
#... #........<.#####.##
##.. ###.#.###.####
#..####... ##...#># #.##
##.#...... #..###.#
#..## #####...##...
#.####.#
##..###.......###..


There were no monsters in sight!

Action                   |  1- 3 |  4- 6 || total
-------------------------+-------+-------++-------
Melee: War axe           |    87 |    20 ||   107
  Use: Potion            |       |     1 ||     1
  Eat: Chunk             |     1 |       ||     1
Armor: Scale mail        |    37 |     4 ||    41
Dodge: Dodged            |    19 |     5 ||    24
Block: Shield            |    38 |    11 ||    49

Notes
Turn   | Place    | Note
--------------------------------------------------------------
     0 | D:1      | Duffy the Demonspawn Fighter began the quest for the Orb.
     0 | D:1      | Reached XP level 1. HP: 18/18 MP: 1/1
    42 | D:1      | Reached skill level 2 in Axes
   316 | D:1      | Gained mutation: Your flesh is cold resistant. [demonic ancestry]
   316 | D:1      | Reached XP level 2. HP: 24/24 MP: 2/2
   633 | D:2      | Reached skill level 3 in Axes
   636 | D:2      | Noticed Robin
   639 | D:2      | Gained mutation: You have a pair of small antennae on your head. [demonic ancestry]
   639 | D:2      | Reached XP level 3. HP: 24/29 MP: 3/3
  1287 | D:2      | Gained mutation: You have a pair of antennae on your head. [demonic ancestry]
  1287 | D:2      | Reached XP level 4. HP: 35/35 MP: 4/4
  1491 | D:2      | Killed Robin
  1491 | D:2      | Reached skill level 4 in Axes
  1493 | D:2      | Succumbed to Robin's poison

Skill      XL: |  1  2  3  4 |
---------------+-------------+-----
Axes           | 2 3 4 |  4.1
Fighting       | |  3.0
Armour         | |  2.6
Shields        | |  2.6

Vault maps used:
D:1:      dpeg_arrival_boxorama, minivault_14
D:2:      uniq_robin
D:3:      kennysheep_slugbush, lemuel_crystal_altar,
          gammafunk_temple_overflow_wave, uniq_sigmund, uniq_jessica

Vanquished Creatures
  Robin
  2 adders
  An ooze
  2 worms
  A dart slug
  A giant gecko
  12 goblins
  7 hobgoblins
  3 bats
  3 giant newts
  3 kobolds
  4 rats
40 creatures vanquished.
